 Dungeon Crawl Stone Soup version 0.21.1-1-g345015f (webtiles) character file.

116755 kae the Severer (level 16, -7/145 HPs)
             Began as a Hill Orc Fighter on June 17, 2018.
             Was the Champion of Qazlal.
             Mangled by an iron troll simulacrum (58 damage)
             ... in an ice cave.
             The game lasted 00:33:45 (29608 turns).

kae the Severer (Hill Orc Fighter)                 Turns: 29608, Time: 00:33:46

Health: -7/145     AC: 27    Str: 36    XL:     16   Next: 72%
Magic:  27/27      EV: 20    Int:  6    God:    Qazlal [******]
Gold:   2416       SH:  8    Dex: 10    Spells: 15/15 levels left

rFire    . . .     SeeInvis +   v - +0 battleaxe
rCold    x . .     Gourm    .   (shield currently unavailable)
rNeg     . . .     Faith    .   y - +5 chain mail of Vavoiloy {+Inv rC- Str+7 SInv}
rPois    .         Spirit   .   l - +0 helmet
rElec    .         Reflect  .   g - +2 cloak
rCorr    .         Harm     .   (no gloves)
MR       +....                  L - +2 pair of boots {Stlth+}
Stlth    ..........             (no amulet)
HPRegen  0.34/turn              m - +6 ring of evasion
MPRegen  0.20/turn              z - +3 ring of strength

@: repel missiles
A: dopey 1, shaggy fur 1
a: Upheaval, Elemental Force, Disaster Area, Renounce Religion, Evoke
Invisibility


You were in an ice cave.
You worshipped Qazlal.
Qazlal was exalted by your worship.
You were not hungry.

You visited 4 branches of the dungeon, and saw 24 of its levels.
You also visited: Labyrinth and Ice Cave.

You collected 2444 gold pieces.
You spent 28 gold pieces at shops.

Inventory:

Hand Weapons
 a - a +1 war axe
 v - a +0 battleaxe (weapon)
Missiles
 D - 3 throwing nets (quivered)
Armour
 g - a +2 cloak (worn)
 l - a +0 helmet (worn)
 y - the +5 chain mail of Vavoiloy (worn) {+Inv rC- Str+7 SInv}
   (You found it on level 8 of the Dungeon)

   It affects your strength (+7).
   It makes you vulnerable to cold.
   It lets you see invisible.
   It lets you turn invisible.
 B - the +3 chain mail "Banojebu" {Dex+5}
   (You found it on level 6 of the Lair of Beasts)

   It affects your dexterity (+5).
 L - a +2 pair of boots of stealth (worn)
Jewellery
 c - the ring of the Lizard {rC+ Dex-3}
   (You took it off a minotaur in a labyrinth)

   [ring of dexterity]

   It affects your dexterity (-3).
   It protects you from cold.
 m - a +6 ring of evasion (left hand)
 z - a +3 ring of strength (right hand)
 K - a +2 ring of protection {unknown}
 S - an uncursed ring of protection from magic
Wands
 b - a wand of acid (11)
 s - a wand of digging (22)
 C - a wand of polymorph (32)
 F - a wand of scattershot (6)
 H - a wand of iceblast (17)
 M - a wand of paralysis (21)
 O - a wand of flame (40)
Scrolls
 e - 3 scrolls of fear
 h - 12 scrolls of remove curse
 j - 2 scrolls of blinking
 k - 8 scrolls of teleportation
 o - 2 scrolls of amnesia
 q - 3 scrolls of enchant weapon
 w - 4 scrolls of summoning
 P - 4 scrolls of identify
 Q - a scroll of magic mapping
 R - 2 scrolls of fog
 Y - a scroll of enchant armour
Potions
 d - 4 potions of might
 i - 6 potions of curing
 n - a potion of berserk rage
 p - a potion of haste
 r - 5 potions of agility
 u - a potion of magic
 x - 3 potions of heal wounds
 A - 3 potions of ambrosia
 I - 2 potions of invisibility
 U - a potion of flight {unknown}
 W - a potion of brilliance {unknown}
 X - a potion of cancellation {unknown}
Books
 t - a book of Maledictions

   Spells                             Type                      Level
   a - Corona                         Hexes                        1
   b - Ensorcelled Hibernation        Hexes/Ice                    2
   c - Confuse                        Hexes                        3
   d - Tukima's Dance                 Hexes                        3
   e - Dazzling Spray                 Conjuration/Hexes            3
 E - a book of Conjurations

   Spells                             Type                      Level
   a - Magic Dart                     Conjuration                  1
   b - Searing Ray                    Conjuration                  2
   c - Dazzling Spray                 Conjuration/Hexes            3
   d - Fulminant Prism                Conjuration/Hexes            4
   e - Force Lance                    Conjuration/Translocation    4
   f - Iskenderun's Mystic Blast      Conjuration                  4
 G - a Fen Folio

   Spells                             Type                      Level
   a - Corpse Rot                     Necromancy                   2
   b - Stone Arrow                    Conjuration/Earth            3
   c - Leda's Liquefaction            Hexes/Earth                  4
   d - Summon Forest                  Summoning/Translocation      5
   e - Hydra Form                     Transmutation                6
   f - Summon Hydra                   Summoning                    7
 J - the Compendium of Fire and Changing
   (You found it in a labyrinth)

   Spells                             Type                      Level
   a - Throw Flame                    Conjuration/Fire             2
   b - Inner Flame                    Hexes/Fire                   3
   c - Ice Form                       Ice/Transmutation            4
   d - Bolt of Magma                  Conjuration/Fire/Earth       5
   e - Blade Hands                    Transmutation                5
 V - a book of Geomancy

   Spells                             Type                      Level
   a - Sandblast                      Earth                        1
   b - Passwall                       Transmutation/Earth          2
   c - Stone Arrow                    Conjuration/Earth            3
   d - Petrify                        Transmutation/Earth          4
   e - Lee's Rapid Deconstruction     Earth                        5
 Z - a book of Frost

   Spells                             Type                      Level
   a - Freeze                         Ice                          1
   b - Throw Frost                    Conjuration/Ice              2
   c - Ozocubu's Armour               Charms/Ice                   3
   d - Throw Icicle                   Conjuration/Ice              4
   e - Summon Ice Beast               Ice/Summoning                4
Comestibles
 f - 38 rations


   Skills:
 + Level 13.7 Fighting
 * Level 19.5 Axes
 + Level 12.8 Armour
 + Level 9.8 Dodging
   Level 3.2 Shields
 * Level 14.8 Invocations
 + Level 10.0 Evocations


You had 15 spell levels left.
You didn't know any spells.

Dungeon Overview and Level Annotations

Branches:
Dungeon (15/15)            Temple (0/1) D:4            Lair (6/6) D:11
  Swamp (1/4) Lair:3       Spider (0/4) Lair:2        Slime (0/5) Lair:5
    Orc (2/2) D:10            Elf (0/3) Orc:2        Vaults (0/5) D:14
 Depths (0/5) D:15

Altars:
Cheibriados
Elyvilon
Fedhas
Hepliaklqana
Makhleb
Okawaru
Qazlal
Trog
Uskayaw
Vehumet
Wu Jian
Jiyva

Shops:
D:4 }   Orc:1 (   Orc:2 %(*(

Annotations:
Lair:4 exclusion: oklob plant


Innate Abilities, Weirdness & Mutations

You are dopey. (Int -2)
You are covered in fur. (AC +1)


Message History

You slash the ice beast!
You kill the ice beast!
Qazlal accepts your kill.
You closely miss the anaconda simulacrum.
You hear a horrible gurgling sound!
The anaconda simulacrum barely misses you.
You block the anaconda simulacrum's attack.
The anaconda simulacrum constricts you but does no damage.
The anaconda simulacrum bites you but does no damage.
You slice the anaconda simulacrum!!
The anaconda simulacrum vapourises!
Qazlal accepts your kill.
The ice beast is engulfed in blazing flames.
You slash the ice beast!
The ice beast is moderately wounded.
You hear a horrible gurgling sound!
The iron troll simulacrum bites you.
The iron troll simulacrum freezes you!!!
You feel a terrible chill!
You die...

####### #####
#.....## #..($?
#......###.....)
#.....§.#.......
#.....§Y#Z§.....
#.∩..§..@YZ.....
#.....§.#§......
#.....§.#.......
#......###.....!
#.....## #..!=)
####### #####


You could see 2 ice beasts, a four-headed hydra simulacrum and an iron troll
simulacrum.

Vanquished Creatures
  Saint Roka (Orc:2)
  Frances (Swamp:1)
  Kirke (Swamp:1)
  Aizul (Lair:3)
  A stone giant (Orc:1)
  Nessos (D:15)
  The ghost of appiemonkey the Blocker, a journeyman BaFi of Cheibriados (Orc:2)
  A minotaur (Lab)
  Josephine (D:10)
  Fannar (Orc:1)
  4 vault guards (D:14)
  7 hydras
  Harold (Lair:1)
  Erolcha (D:10)
  3 ogre magi
  A centaur warrior (D:13)
  Erica (D:9)
  11 two-headed ogres
  2 alligators (Swamp:1)
  A tengu warrior (D:14)
  2 orc high priests
  3 skeletal warriors
  2 wizards
  3 unseen horrors
  A necromancer (D:15)
  A swamp dragon (Swamp:1)
  An orc knight (D:14)
  7 ugly things
  2 manticores
  2 oklob plants (D:11)
  An orb spider (Lair:2)
  3 deep elf magi (D:15)
  5 orc sorcerers
  4 cyclopes
  4 black mambas
  9 elephants (Lair:6)
  Psyche (D:9)
  Maurice (D:13)
  The ghost of emiel the Ruffian, a novice NaWn of Cheibriados (D:5)
  Joseph (D:9)
  4 centaur zombies
  33 spiny frogs
  2 kobold demonologists
  6 komodo dragons
  A yaktaur (D:14)
  7 rime drakes
  A redback zombie (D:15)
  An efreet (D:14)
  2 anaconda simulacra (IceCv)
  2 tengu conjurers (D:14)
  5 tyrant leeches
  4 trolls
  The ghost of diana the Insei, an amateur DsGl (D:4)
  25 blink frogs
  19 hippogriffs
  4 hornets
  2 bog bodies (Swamp:1)
  7 slime creatures
  9 wyverns
  3 shadows
  A vampire (D:11)
  A spriggan (shapeshifter) (D:14)
  2 spriggans (Swamp:1)
  3 wraiths (D:10)
  46 yaks
  A steam dragon (D:11)
  7 basilisks
  2 humans
  The ghost of Tiareth the Insei, an amateur HuMo (D:3)
  5 hungry ghosts
  9 vampire mosquitoes
  6 insubstantial wisps (Swamp:1)
  5 wargs (Orc:1)
  4 swamp worms (Swamp:1)
  A soldier ant (D:9)
  An acid dragon (D:14)
  12 water moccasins
  3 hornet zombies
  6 porcupines
  2 eyes of draining
  5 ice beasts
  29 orc warriors
  4 sky beasts
  3 phantoms
  2 black bears (D:9)
  4 swamp drakes (Swamp:1)
  15 ogres
  A necrophage (D:10)
  9 wolves
  7 centaurs
  19 crocodiles
  A big kobold (D:10)
  25 bullfrogs
  A water moccasin zombie (D:5)
  A wyvern skeleton (D:10)
  A scorpion (D:14)
  14 killer bees
  4 electric eels
  11 wights
  3 howler monkeys (D:13)
  4 crimson imps
  2 quasits
  6 hounds
  2 jellies
  A bullfrog skeleton (D:7)
  7 centaur skeletons
  21 orc priests
  27 orc wizards
  Jessica (D:3)
  5 iguanas
  6 worker ants
  A killer bee zombie (D:5)
  2 hound skeletons
  2 worker ant zombies
  11 adders
  5 shadow imps
  2 oozes (D:3)
  An adder zombie (D:8)
  2 worms
  3 dart slugs
  5 leopard geckos
  56 orcs
  A ball python (D:2)
  5 giant cockroaches
  4 goblins
  5 hobgoblins
  14 jackals
  8 kobolds
  8 quokkas
  6 bats
  3 frilled lizards
  A leopard gecko zombie (D:6)
  A quokka skeleton (D:4)
  5 rats
  4 fungi
  10 plants
758 creatures vanquished.

Vanquished Creatures (collateral kills)
  A rime drake (Lair:5)
  A hippogriff (Lair:5)
  A wyvern (Lair:5)
3 creatures vanquished.

Vanquished Creatures (others)
  A rime drake (Lair:5)
  A spiny frog (Swamp:1)
  A slime creature (Swamp:1)
  A wyvern (Lair:5)
  4 humans (Swamp:1)
  An orc priest (Orc:2)
  A hound (D:10)
  An orc wizard (Orc:2)
  An ooze (D:3)
  An orc (D:10)
  2 bushes (Lair:6)
  7 fungi
  43 plants
65 creatures vanquished.

Grand Total: 826 creatures vanquished

Notes
Turn   | Place    | Note
-------+----------+-------------------------------------------
     0 | D:1      | kae the Hill Orc Fighter began the quest for the Orb.
     0 | D:1      | Reached XP level 1. HP: 19/19 MP: 1/1
   150 | D:1      | Reached skill level 3 in Axes
   151 | D:1      | Reached XP level 2. HP: 22/27 MP: 2/2
   563 | D:2      | Reached XP level 3. HP: 32/33 MP: 3/3
   899 | D:2      | Reached skill level 1 in Dodging
   969 | D:2      | Reached skill level 4 in Axes
   999 | D:2      | Found a bloodstained altar of Trog.
  1019 | D:2      | Reached XP level 4. HP: 40/40 MP: 4/4
  1289 | D:3      | Gained mutation: You are dopey. (Int -2) [potion of mutation]
  1289 | D:3      | Gained mutation: You are covered in fur. (AC +1) [potion of mutation]
  1316 | D:3      | Found a radiant altar of Vehumet.
  1356 | D:3      | Noticed Jessica
  1362 | D:3      | Killed Jessica
  1374 | D:3      | Reached XP level 5. HP: 47/47 MP: 5/5
  1399 | D:3      | Found a stormy altar of Qazlal.
  1438 | D:3      | Became a worshipper of Qazlal Stormbringer
  1740 | D:3      | Noticed Tiareth's ghost (amateur HuMo)
  1753 | D:3      | Killed Tiareth's ghost
  1753 | D:3      | Reached skill level 5 in Axes
  1753 | D:3      | Reached skill level 1 in Invocations
  1753 | D:3      | Reached XP level 6. HP: 41/53 MP: 5/7
  1910 | D:4      | Noticed diana's ghost (amateur DsGl)
  2211 | D:4      | Found a staircase to the Ecumenical Temple.
  2418 | D:4      | Killed diana's ghost
  2418 | D:4      | Reached skill level 5 in Fighting
  2418 | D:4      | Reached skill level 6 in Axes
  2418 | D:4      | Reached XP level 7. HP: 32/61 MP: 7/9
  2884 | D:4      | Found an ornate altar of the Wu Jian Council.
  2963 | D:4      | Reached skill level 5 in Armour
  3237 | D:4      | Found Zuitiasicu's Gadget Emporium.
  3399 | D:5      | Entered Level 5 of the Dungeon
  3420 | D:5      | Noticed emiel's ghost (novice NaWn)
  3443 | D:5      | HP: 1/61 [emiel's ghost (4)]
  3450 | D:5      | Killed emiel's ghost
  3450 | D:5      | Reached skill level 7 in Axes
  3450 | D:5      | Reached XP level 8. HP: 34/70 MP: 10/10
  3673 | D:5      | Reached * piety under Qazlal
  3894 | D:5      | Reached skill level 8 in Axes
  4406 | D:6      | Reached skill level 5 in Invocations
  4803 | D:7      | Reached XP level 9. HP: 73/78 MP: 12/12
  4872 | D:7      | Reached skill level 9 in Axes
  5117 | D:7      | Found a hide-covered altar of Uskayaw.
  5716 | D:8      | Reached skill level 10 in Axes
  6139 | D:8      | Found a blossoming altar of Fedhas.
  6139 | D:8      | Found a white marble altar of Elyvilon.
  6490 | D:8      | Reached XP level 10. HP: 76/88 MP: 15/15
  6620 | D:8      | Found a snail-covered altar of Cheibriados.
  6844 | D:8      | Got a pearl-encrusted chain mail
  6855 | D:8      | Identified the +5 chain mail of Vavoiloy {+Inv rC- Str+7 SInv} (You found it on level 8 of the Dungeon)
  6883 | D:9      | Reached skill level 11 in Axes
  6886 | D:9      | Reached ** piety under Qazlal
  6933 | D:9      | Found a hazy altar of Hepliaklqana.
  7073 | D:9      | Found Porchere's Gadget Emporium.
  7257 | D:9      | Reached skill level 5 in Dodging
  7443 | D:9      | Noticed Erica
  7484 | D:9      | Killed Erica
  7484 | D:9      | Reached skill level 12 in Axes
  7638 | D:9      | Noticed Joseph
  7664 | D:9      | Killed Joseph
  8116 | D:9      | Found a burning altar of Makhleb.
  8120 | D:9      | Found a bloodstained altar of Trog.
  8158 | D:9      | Noticed Psyche
  8163 | D:9      | Killed Psyche
  8163 | D:9      | Reached XP level 11. HP: 95/95 MP: 8/17
  8173 | D:10     | Entered Level 10 of the Dungeon
  8173 | D:10     | Noticed Erolcha
  8410 | D:10     | Noticed Josephine
  8425 | D:10     | Killed Josephine
  8515 | D:10     | HP: 1/97 [yak (12)]
  8519 | D:10     | Reached skill level 13 in Axes
  8583 | D:10     | HP: 1/97 [Erolcha/bolt of lightning (18)]
  9010 | D:10     | Paralysed by a hornet for 1 turns
  9113 | D:10     | Found a staircase to the Orcish Mines.
  9133 | D:10     | Killed Erolcha
  9900 | D:11     | Reached *** piety under Qazlal
 10035 | D:11     | Noticed an oklob plant
 10299 | D:11     | Noticed an oklob plant
 10387 | D:11     | Found a staircase to the Lair.
 10834 | D:11     | Killed an oklob plant
 10834 | D:11     | Reached skill level 14 in Axes
 10834 | D:11     | Reached XP level 12. HP: 72/106 MP: 10/19
 11074 | D:12     | Reached skill level 10 in Fighting
 11113 | D:12     | Reached skill level 1 in Evocations
 11252 | D:11     | Reached skill level 10 in Invocations
 13122 | Lair:1   | Entered Level 1 of the Lair of Beasts
 13346 | Lair:1   | Noticed Harold
 13352 | Lair:1   | Killed Harold
 13481 | Lair:1   | Reached skill level 15 in Axes
 13916 | Lair:1   | Reached skill level 5 in Evocations
 13920 | Lair:1   | Reached XP level 13. HP: 115/115 MP: 21/21
 13934 | Lair:1   | Reached skill level 10 in Armour
 14641 | Lair:2   | Found a labyrinth entrance.
 14671 | Lab      | Entered a labyrinth
 14881 | Lab      | Noticed a minotaur
 14890 | Lab      | Killed a minotaur
 14892 | Lab      | Got an ancient brass ring
 14927 | Lab      | Identified the Compendium of Fire and Changing
 15010 | Lair:2   | Identified the cursed ring of the Lizard {rC+ Dex-3} (You took it off a minotaur in a labyrinth)
 15182 | Lair:2   | Found a hole to the Spider Nest.
 16516 | Lair:3   | Reached **** piety under Qazlal
 16619 | Lair:3   | Reached skill level 16 in Axes
 17183 | Lair:3   | Found a staircase to the Swamp.
 17645 | Lair:4   | Reached XP level 14. HP: 66/124 MP: 22/22
 19300 | Lair:5   | Found a staircase to the Slime Pits.
 19300 | Lair:5   | Found a viscous altar of Jiyva.
 19370 | Lair:5   | Reached skill level 17 in Axes
 19911 | Lair:6   | Entered Level 6 of the Lair of Beasts
 20600 | Lair:6   | Reached ***** piety under Qazlal
 20687 | Lair:6   | Reached XP level 15. HP: 105/134 MP: 24/24
 21359 | Lair:6   | Got a faintly humming chain mail
 22064 | D:11     | Identified the +3 chain mail "Banojebu" {Dex+5} (You found it on level 6 of the Lair of Beasts)
 22213 | Orc:1    | Entered Level 1 of the Orcish Mines
 22251 | Orc:1    | Found an iron altar of Okawaru.
 22479 | Orc:1    | Reached skill level 18 in Axes
 22575 | Orc:2    | Entered Level 2 of the Orcish Mines
 22693 | Orc:2    | Noticed appiemonkey's ghost (journeyman BaFi)
 22821 | Orc:2    | Noticed Saint Roka
 23418 | Orc:2    | HP: 4/134 [orc warrior/halberd (12)]
 23987 | Orc:2    | Killed appiemonkey's ghost
 24271 | Orc:2    | Killed Saint Roka
 24946 | Orc:2    | Found a staircase to the Elven Halls.
 25232 | Orc:2    | Found Daucra Nadghi's Antique Weapon Boutique.
 25232 | Orc:2    | Found Makochiz's Assorted Antiques.
 25233 | Orc:2    | Found Xuluv's Food Shop.
 25236 | Orc:2    | Found Musk's Weapon Shop.
 25240 | Orc:2    | Bought a pink potion for 28 gold pieces
 25336 | Orc:1    | Noticed Fannar
 25349 | Orc:1    | Killed Fannar
 25468 | Orc:1    | Found Tippol's Antique Weapon Shoppe.
 26011 | D:13     | Noticed Maurice
 26021 | D:13     | Killed Maurice
 26257 | D:13     | You fall through a shaft for 2 floors!
 26257 | D:15     | Entered Level 15 of the Dungeon
 26321 | D:15     | Noticed Nessos
 26330 | D:15     | Killed Nessos
 26330 | D:15     | Reached XP level 16. HP: 48/144 MP: 26/26
 26660 | D:15     | Reached ****** piety under Qazlal
 26692 | D:15     | Paralysed by a wizard for 6 turns
 26939 | D:15     | Found a staircase to the Depths.
 27125 | D:15     | Reached skill level 19 in Axes
 28222 | D:14     | Found a gate to the Vaults.
 28730 | D:13     | Found a radiant altar of Vehumet.
 28971 | Swamp:1  | Entered Level 1 of the Swamp
 28979 | Swamp:1  | Noticed Aizul
 28985 | Swamp:1  | Noticed Frances
 29008 | Lair:3   | Killed Aizul
 29404 | Swamp:1  | Killed Frances
 29489 | Swamp:1  | Noticed Kirke
 29505 | Swamp:1  | Killed Kirke
 29505 | Swamp:1  | Reached skill level 10 in Evocations
 29586 | Swamp:1  | Found a frozen archway.
 29591 | IceCv    | Entered an ice cave
 29608 | IceCv    | Mangled by an iron troll simulacrum

Skill      XL: |  1  2  3  4  5  6  7  8  9 10 11 12 13 14 15 16 |
---------------+-------------------------------------------------+-----
Axes           | 3 4 5 6 7 8 10 12 14 15 16 17 18 19 | 19.5
Fighting       | 4 5 6 7 8 9 10 11 12 13 | 13.7
Dodging        | 1 2 3 4 5 6 7 8 9 |  9.8
Armour         | 4 5 6 7 8 9 10 11 12 | 12.8
Invocations    | 1 2 3 5 6 8 9 10 11 12 13 14 | 14.8
Evocations     | 5 7 8 9 10 | 10.0
Shields        | |  3.2

Action                   |  1- 3 |  4- 6 |  7- 9 | 10-12 | 13-15 | 16-18 || total
-------------------------+-------+-------+-------+-------+-------+-------++-------
Melee: War axe           |    70 |   138 |   278 |   602 |       |       ||  1088
       Battleaxe         |       |       |       |    67 |  1089 |   312 ||  1468
       Unarmed           |       |       |       |       |     3 |       ||     3
Invok: Upheaval          |       |       |       |    15 |    12 |       ||    27
       Elemental Force   |       |       |       |       |     1 |       ||     1
Evoke: Wand              |       |       |       |    30 |    17 |       ||    47
  Use: Scroll            |     3 |     6 |     7 |     7 |     8 |     1 ||    32
       Potion            |       |     1 |     2 |     3 |     3 |       ||     9
 Stab: Distracted        |       |       |       |       |       |     1 ||     1
       Confused          |       |       |       |       |       |     1 ||     1
  Eat: Chunk             |       |     2 |    10 |    20 |    39 |     7 ||    78
       Ration            |       |     1 |     1 |     2 |     2 |     1 ||     7
Armor: Scale mail        |    37 |    57 |   102 |     5 |       |       ||   201
       Chain mail        |       |       |       |   231 |   435 |   100 ||   766
       Skin              |       |       |       |     4 |       |       ||     4
Dodge: Dodged            |    27 |    44 |   107 |   187 |   852 |   219 ||  1436
       Deflected         |       |       |       |       |    13 |    10 ||    23
Block: Shield            |    40 |    84 |   175 |   390 |       |       ||   689
       Other             |       |       |       |     8 |   281 |    98 ||   387
